 Dungeon Crawl Stone Soup version 0.24.0-13-gcf9b319 (webtiles) character file.

Game seed: 4592481414582803928, levelgen mode: deterministic

23 CrossroadsHorse the Skirmisher (level 2, 0/24 HPs)
             Began as a Demonspawn Berserker on Feb 26, 2020.
             Was a Follower of Trog.
             Slain by an adder (2 damage)
             ... on level 2 of the Dungeon.
             The game lasted 00:04:33 (1029 turns).

CrossroadsHorse the Skirmisher (DsBe)               Turns: 1029, Time: 00:04:37

Health: 0/24       AC:  6    Str: 17    XL:     2   Next: 72%
Magic:  2/2        EV:  8    Int:  8    God:    Trog [*.....]
Gold:   81         SH:  9    Dex: 14    Spells: 1/1 levels left

rFire    . . .     SeeInvis .   a - +0 spear
rCold    . . .     Gourm    .   d - +2 shield
rNeg     . . .     Faith    .   k - +0 ring mail
rPois    .         Spirit   .   (helmet restricted)
rElec    .         Reflect  .   (no cloak)
rCorr    .         Harm     .   (no gloves)
MR       .....                  g - +0 pair of boots
Stlth    ++........             (no amulet)
HPRegen  0.08/turn              (no ring)
MPRegen  0.08/turn              (no ring)

@: lethally poisoned (0 -> -8), berserk cooldown, slowed, very slow
A: horns 1, agile 1, nightstalker 1
a: Berserk, Renounce Religion


You were on level 2 of the Dungeon.
You worshipped Trog.
Trog was aware of your devotion.
You were very hungry.

You visited 1 branch of the dungeon, and saw 2 of its levels.

You collected 81 gold pieces.

Inventory:

Hand Weapons
 a - a +0 spear (weapon)
Armour
 b - a +0 animal skin
 d - a +2 shield (worn)
 g - a +0 pair of boots (worn)
 k - a +0 ring mail (worn)
Scrolls
 h - a scroll of enchant weapon {unknown}
 i - a scroll of fog
 j - a scroll of noise
Potions
 e - a potion of mutation
Comestibles
 c - a ration
 f - a chunk of flesh


   Skills:
 * Level 3.3 Fighting
 * Level 3.1 Polearms
 + Level 2.0 Armour
 + Level 2.0 Dodging
 + Level 0.2 Shields


You had one spell level left.
You didn't know any spells.
Your spell library was empty.

Dungeon Overview and Level Annotations

Branches:
Dungeon (2/15)

Altars:

Annotations:
D:2 Terence


Innate Abilities, Weirdness & Mutations

You are slightly more attuned to the shadows.
You have a pair of small horns on your head.
You are agile. (Dex +2)


Message History

You feel agile. A pair of horns grows on your head!
* * * LOW HITPOINT WARNING * * *
You feel sick. The adder closely misses you. The adder barely misses you.
You block the adder's attack. x2
Really quaff the potion of mutation?
Okay, then.
As you read the scroll labeled ZEGU WULOSHRESE, it crumbles to dust.
The scroll dissolves into smoke.
It was a scroll of fog.
You block the adder's attack. x2; The adder bites you.
* * * LOW HITPOINT WARNING * * *
You are more poisoned.
The adder poisons you! The adder bites you but does no damage.
As you read the scroll labeled MEKAONYUFO, it crumbles to dust.
You hear a loud clanging noise!
It was a scroll of noise.
* * * LOW HITPOINT WARNING * * *
You feel sick.
You hear an angry hiss. x2; You hear a shout! x2; You hear an angry hiss.
You block the adder's attack. The adder bites you.
You die...

##.#..........<#
...(.#.........#
##.###.........#
#..##.........#
##.############ #
#..# .# ##.# #.#
#.# ###§.# #.#
#@S§# ..##.## #S###
#.....## #o#
####...## ##@#
#.#..### #wg#
#.##...### #.##
#........###.#####.
#..........).......
#...........####...


You could see 2 adders and an orc.

Vanquished Creatures
  A dart slug (D:1)
  A leopard gecko (D:2)
  3 ball pythons (D:1)
  A bat (D:1)
  2 hobgoblins (D:1)
  2 frilled lizards (D:1)
  3 goblins (D:1)
  5 kobolds
  3 rats (D:1)
21 creatures vanquished.

Notes
Turn   | Place    | Note
-------+----------+-------------------------------------------
     0 | D:1      | CrossroadsHorse the Demonspawn Berserker began the quest
                  | for the Orb.
     0 | D:1      | Reached XP level 1. HP: 18/18 MP: 1/1
     0 | D:1      | Noticed an ogre
     0 | D:1      | Noticed a centaur
     1 | D:1      | Noticed a centaur
     5 | D:1      | Noticed a spriggan
     9 | D:1      | Noticed an octopode
    21 | D:1      | Noticed a minotaur
    22 | D:1      | Noticed an elf
    28 | D:1      | Noticed a vine stalker
    28 | D:1      | Noticed a human
    30 | D:1      | Noticed a human
    32 | D:1      | Noticed an elf
    32 | D:1      | Noticed a centaur
    34 | D:1      | Noticed an octopode
    34 | D:1      | Noticed an octopode
    36 | D:1      | Noticed an ogre
    38 | D:1      | Noticed a troll
   265 | D:1      | Gained mutation: You are slightly more attuned to the
                  | shadows. [demonic ancestry]
   265 | D:1      | Reached XP level 2. HP: 17/24 MP: 2/2
  1009 | D:2      | Noticed Terence
  1027 | D:2      | Gained mutation: You are agile. (Dex +2) [potion of
                  | mutation]
  1027 | D:2      | Gained mutation: You have a pair of small horns on your
                  | head. [potion of mutation]
  1029 | D:2      | Slain by an adder

Levels and vault maps discovered:
D:1:      shiori_arrival_whats_in_store_for_you, layout_loops_ring
D:2:      layout_rooms, uniq_terence

Skill      XL: |  1  2 |
---------------+-------+-----
Polearms       | 3 |  3.1
Armour         | 2 |  2.0
Dodging        | 2 |  2.0
Fighting       | |  3.3
Shields        | |  0.2

Action                   || total
-------------------------++-------
Melee: Spear             ||    78
Invok: Berserk           ||     1
  Use: Scroll            ||     2
       Potion            ||     1
 Stab: Sleeping          ||     2
Armor: Animal skin       ||    10
       Ring mail         ||    19
Dodge: Dodged            ||    37
Block: Shield            ||    53
